 Dungeon Crawl Stone Soup version 0.28.0-1-gb440e238dd (webtiles) character file.

Game seed: 8487862980154214305

72534 Bearnado the Impaler (level 15, 0/137 (139) HPs)
             Began as a Minotaur Berserker on Feb 20, 2022.
             Was a High Priest of Trog.
             Slain by a sun demon (15 damage)
             ... summoned by an orc sorcerer
             ... on level 2 of the Orcish Mines.
             The game lasted 01:52:32 (21313 turns).

Bearnado the Impaler (Minotaur Berserker)          Turns: 21313, Time: 01:52:34

HP:   0/137 (139)   AC: 10    Str: 40    XL:     15   Next: 1%
MP:   14/14         EV: 10    Int:  2    God:    Trog [*****.]
Gold: 1525          SH: 19    Dex: 24    Spells: 14/14 levels left

rFire   . . .      SeeInvis .   l - +2 war axe "Loan" {elec, *Slow rPois Str+10 Int-4}
rCold   . . .      Faith    .   j - +0 kite shield
rNeg    + . .      Spirit   .   o - +4 plate armour
rPois   +          Reflect  +   (helmet restricted)
rElec   +          Harm     .   E - +0 cloak
rCorr   .          Rampage  .   (no gloves)
Will    +....      Rage     1%  e - -2 pair of boots of Beschoun {rElec Will+ Str+4 Int+2 Dex+4}
Stlth   ..........              Z - amulet of reflection
HPRegen 0.32/turn               k - +4 ring of slaying
MPRegen 0.14/turn               N - ring of the Blue Rambutan {rN+ Will- Dex+7 Slay+3}

@: corroded, on berserk cooldown, slowed, lightly drained, very slow
A: horns 2, retaliatory headbutt, berserk 1
a: Renounce Religion, Berserk, Trog's Hand, Brothers in Arms


You were on level 2 of the Orcish Mines.
You worshipped Trog.
Trog was extremely pleased with you.
You visited 3 branches of the dungeon, and saw 21 of its levels.
You also visited: Bailey.

You collected 1874 gold pieces.
You spent 349 gold pieces at shops.

Inventory:

Hand Weapons
 a - a +1 hunting sling of freezing
 c - a +1 scimitar of flaming
 g - a +0 demon trident
 l - the +2 war axe "Loan" (weapon) {elec, *Slow rPois Str+10 Int-4}
   (You found it on level 2 of the Lair of Beasts)

   It occasionally discharges a powerful burst of electricity upon striking a
   foe.
   Str:       It affects your strength (+10).
   Int:       It affects your intelligence (-4).
   rPois:     It protects you from poison.
   *Slow:     It may slow you when you take damage.
 z - the +3 spear "Xaleg" {vorpal, rC+ Str+5}
   (Trog gifted it to you on level 6 of the Lair of Beasts)

   It inflicts extra damage upon your enemies.
   Str:       It affects your strength (+5).
   rC:        It protects you from cold.
 F - a +2 trident of venom
 V - a +4 long sword
Missiles
 d - 426 arrows
 r - 12 boomerangs
 s - 2 throwing nets
 x - 182 bolts
 D - 52 sling bullets
Armour
 e - the -2 pair of boots of Beschoun (worn) {rElec Will+ Str+4 Int+2 Dex+4}
   (You found it in a bailey)

   Str:       It affects your strength (+4).
   Int:       It affects your intelligence (+2).
   Dex:       It affects your dexterity (+4).
   rElec:     It insulates you from electricity.
   Will:      It increases your willpower.
 i - a +2 scale mail of cold resistance
 j - a +0 kite shield (worn)
 m - a +2 robe of the Archmagi
 o - a +4 plate armour (worn)
 p - a +2 chain mail of fire resistance
 t - a +0 buckler
 E - a +0 cloak (worn)
 O - a +0 chain mail of positive energy
Jewellery
 k - a +4 ring of slaying (left hand)
 n - the ring of Ustieph {Dex+5 SInv}
   (You found it on level 6 of the Lair of Beasts)

   [ring of see invisible]

   Dex:       It affects your dexterity (+5).
   SInv:      It lets you see invisible.
 N - the ring of the Blue Rambutan (right hand) {rN+ Will- Dex+7 Slay+3}
   (You found it on level 7 of the Dungeon)

   [ring of positive energy]

   Dex:       It affects your dexterity (+7).
   Slay:      It affects your accuracy & damage with ranged weapons and melee
   (+3).
   rN:        It protects you from negative energy.
   Will:      It decreases your willpower.
 Z - an amulet of reflection (around neck)
Wands
 A - a wand of paralysis (3)
 I - a wand of polymorph (8)
 M - a wand of acid (11)
 P - a wand of iceblast (14)
 U - a wand of digging (4)
 Y - a wand of flame (53)
Scrolls
 q - 5 scrolls of fear
 v - 4 scrolls of blinking
 y - 2 scrolls of teleportation
Potions
 b - a potion of cancellation
 f - a potion of mutation
 h - 8 potions of curing
 u - 3 potions of flight
 w - 2 potions of magic
 H - 5 potions of ambrosia
 J - 2 potions of heal wounds
Miscellaneous
 Q - a lightning rod (4/4) (quivered)


   Skills:
 + Level 14.6 Fighting
 + Level 12.9 Long Blades
 + Level 6.5(12.2) Axes
 + Level 15.9(16.4) Polearms
 + Level 2.3 Throwing
 + Level 15.1 Armour
 + Level 3.4 Dodging
 + Level 2.3 Stealth
 + Level 11.8 Shields


You had 14 spell levels left.
You didn't know any spells.
Your spell library was empty.

Dungeon Overview and Level Annotations

Branches:
Dungeon (13/15)            Temple (0/1) D:7            Lair (6/6) D:8
  Swamp (0/4) Lair:4        Snake (0/4) Lair:2        Slime (0/5) Lair:6
    Orc (2/2) D:11            Elf (0/3) Orc:2        Bailey (visited)
 Vaults: D:13-14

Altars:
Cheibriados
Ru
Vehumet
Lugonu

Shops:
D:3 *   D:8 [   D:10 =   D:13 ?

Portals:
Abyss: Lair:6


Innate Abilities, Weirdness & Mutations

You have a pair of horns on your head.
You reflexively headbutt those who attack you in melee.
You tend to lose your temper in combat.


Message History

Trog appreciates your killing of a magic user.
You closely miss the orc sorcerer.
The orc priest casts a cantrip, but nothing happens.
The orc sorcerer casts a spell.
The orc sorcerer hits you but does no damage.
The orc priest miscasts a cantrip.
You feel much better.
The orc priest casts a cantrip, but nothing happens.
The orc sorcerer mumbles some strange words.
The orc priest calls down the wrath of Beogh upon you.
Beogh smites you! You block the orc sorcerer's attack.
The orc sorcerer hits you with a +0 dagger.
You closely miss the orc sorcerer.
You hit the orc sorcerer but do no damage.
You hit the sun demon but do no damage. You block the orc sorcerer's attack.
You block the sun demon's attack.
The orc sorcerer points at you and mumbles some strange words.
The bolt of fire misses you.
The bolt of fire hits the sun demon.
The sun demon completely resists.
The orc sorcerer hits you but does no damage.
The sun demon closely misses you. You furiously retaliate!
You headbutt the sun demon, but do no damage.
The orc sorcerer becomes larger for a moment.
The orc priest looks braver for a moment.
You block the sun demon's attack. You block the sun demon's attack.
The orc priest miscasts a cantrip.
The orc sorcerer hits you but does no damage.
The sun demon barely misses you.
The orc priest looks encouraged for a moment.
The sun demon completely misses you.
The orc sorcerer gestures at you while chanting.
You resist with some effort.
The orc priest invokes the aid of Beogh against you.
Beogh smites you!
* * * LOW HITPOINT WARNING * * *
The sun demon hits you!!
* * * LOW HITPOINT WARNING * * *
You are engulfed in flames!
You die...

##.##...............
#.....).............
##..##.).))..........
##....##..)...........
#......##<............
##.#<..##.............
##.....##............
#....#..##...#......
##.@........##......
##3o...).....).....
##o3....#.#.........
#...o..##..#........
##.#.#o.....>.......
###o...............
##..o...............
#....###############
#...##..... #


You could see a sun demon (summoned), a smoke demon (summoned), 2 orc sorcerers,
an orc warrior and 3 orc priests.

Vanquished Creatures
  Rupert (Lair:3)
  Donald (Orc:2)
  Snorg (Lair:5)
  Josephine (Orc:2)
  Erolcha (D:12)
  4 hydras
  3 boulder beetles
  The ghost of WaxSun the Frost Mage, a journeyman MfIE of Sif Muna (D:11)
  7 two-headed ogres
  3 centaur warriors
  An ogre mage (D:10)
  6 death yaks
  2 tengu warriors (D:13)
  2 thrashing horrors (Lair:6)
  Nergalle (D:10)
  A shadow wraith (D:13)
  2 large abominations (Lair:6)
  An oklob plant (Lair:2)
  3 ugly things (Lair:6)
  2 orc sorcerers (Orc:2)
  An orc knight (Bailey)
  A cyclops (D:12)
  6 elephants
  6 black mambas
  4 smoke demons (Lair:6)
  A torpor snail (Lair:6)
  11 cane toads
  5 centaur zombies
  3 unseen horrors
  An efreet (D:13)
  A tengu conjurer (D:13)
  3 kobold demonologists
  10 komodo dragons
  An ancient zyme (Lair:6)
  6 meliai
  2 polar bears
  4 trolls
  A queen bee (Lair:6)
  A hornet (Lair:2)
  Grinder (D:6)
  3 slime creatures (D:13)
  Prince Ribbit (D:5)
  19 blink frogs
  4 wyverns
  8 wraiths
  2 spriggans
  A ynoxinul (Lair:6)
  A yak (shapeshifter) (Lair:6)
  7 vampire mosquitoes
  45 yaks
  A chaos spawn (Lair:6)
  7 basilisks
  4 nagas (Lair:2)
  An acid dragon (D:12)
  Edmund (D:5)
  13 water moccasins
  22 orc warriors
  3 black bears
  7 ogres
  3 necrophages (D:6)
  27 wolves
  A wolf (shapeshifter) (Lair:6)
  7 centaurs
  12 kobold brigands
  12 bullfrogs
  A gnoll sergeant (D:10)
  A scorpion (D:5)
  A water moccasin zombie (D:7)
  A wyvern skeleton (D:7)
  34 killer bees
  2 howler monkeys
  3 vampire bats (Lair:4)
  5 wights (D:8)
  A bullfrog zombie (D:6)
  2 jellies
  12 orc priests
  2 gnoll shamans
  3 hounds
  A bullfrog skeleton (D:6)
  2 centaur skeletons (D:5)
  2 iguanas
  37 orc wizards
  7 hell rats (Lair:6)
  8 small abominations (Lair:6)
  2 killer bee zombies (D:7)
  A hound skeleton (D:4)
  A howler monkey skeleton (D:4)
  2 howler monkey zombies
  Robin (D:3)
  19 gnolls
  13 adders
  A white imp (D:6)
  An ufetubus (D:4)
  2 dart slugs
  58 orcs
  12 bats
  10 endoplasms
  3 giant cockroaches
  16 goblins
  5 hobgoblins
  4 jackals (D:1)
  19 kobolds
  7 quokkas
  8 ball pythons
  6 frilled lizards
  6 rats
647 creatures vanquished.

Vanquished Creatures (collateral kills)
  Maggie (D:7)
  A howler monkey zombie (D:7)
  An orc (D:10)
3 creatures vanquished.

Vanquished Creatures (others)
  A blink frog (Lair:6)
  2 orc wizards
  An orc (Orc:2)
  A bush (Lair:6)
  30 fungi
  87 plants
122 creatures vanquished.

Grand Total: 772 creatures vanquished

Notes
Turn   | Place    | Note
-------+----------+-------------------------------------------
     0 | D:1      | Bearnado the Minotaur Berserker began the quest for the
                  | Orb.
     0 | D:1      | Reached XP level 1. HP: 19/19 MP: 0/0
   215 | D:1      | Reached XP level 2. HP: 27/27 MP: 1/1
   544 | D:1      | Found a faded altar of an unknown god.
   795 | D:2      | Reached XP level 3. HP: 30/33 MP: 2/2
   860 | D:2      | Reached XP level 4. HP: 24/41 MP: 3/3
   894 | D:2      | Reached skill level 5 in Axes
  1529 | D:3      | Reached ** piety under Trog
  1672 | D:3      | Noticed Robin
  1679 | D:3      | Killed Robin
  1680 | D:3      | Reached skill level 1 in Long Blades
  1686 | D:3      | Reached XP level 5. HP: 41/47 MP: 4/4
  2006 | D:3      | Found Fosifeuduz's Assorted Antiques.
  2343 | D:4      | Reached *** piety under Trog
  2653 | D:4      | Reached skill level 5 in Fighting
  2746 | D:4      | Reached XP level 6. HP: 56/56 MP: 5/5
  2989 | D:4      | Found a radiant altar of Vehumet.
  3110 | D:5      | Entered Level 5 of the Dungeon
  3110 | D:5      | Noticed Prince Ribbit
  3119 | D:5      | Killed Prince Ribbit
  3120 | D:5      | Reached skill level 5 in Long Blades
  3120 | D:5      | Reached XP level 7. HP: 61/61 MP: 6/6
  3237 | D:5      | Noticed Edmund
  3246 | D:5      | Killed Edmund
  3247 | D:5      | Reached skill level 5 in Armour
  3969 | D:5      | Reached XP level 8. HP: 59/70 MP: 7/7
  4214 | D:3      | Bought a glowing trident for 175 gold pieces
  4214 | D:3      | Bought a silvery potion for 24 gold pieces
  4214 | D:3      | Bought a sapphire potion for 24 gold pieces
  4309 | D:6      | Reached skill level 1 in Polearms
  4345 | D:6      | Reached **** piety under Trog
  4749 | D:6      | Reached XP level 9. HP: 79/79 MP: 8/8
  4767 | D:6      | Noticed Grinder
  4774 | D:6      | Paralysed by Grinder for 6 turns
  4785 | D:6      | Killed Grinder
  4786 | D:6      | Reached skill level 5 in Polearms
  5000 | D:7      | Found a staircase to the Ecumenical Temple.
  5055 | D:7      | Noticed Maggie
  5061 | D:7      | Killed Maggie
  5062 | D:7      | Reached skill level 1 in Shields
  5072 | D:7      | Killed an unseen horror
  5081 | D:7      | Identified the ring of the Blue Rambutan {rN+ Will- Dex+7
                  | Slay+3}
  5854 | D:8      | Found a snail-covered altar of Cheibriados.
  5854 | D:8      | Found Cheibriados's Comfort Zone.
  6012 | D:8      | Found a staircase to the Lair.
  6261 | D:8      | Reached skill level 1 in Stealth
  6261 | D:8      | Reached XP level 10. HP: 88/88 MP: 9/9
  6293 | D:8      | Noticed a two-headed ogre
  6296 | D:8      | Killed a two-headed ogre
  6740 | D:9      | Gained mutation: You tend to lose your temper in combat.
                  | [potion of mutation]
  7054 | D:9      | Reached skill level 10 in Polearms
  7527 | D:10     | Entered Level 10 of the Dungeon
  7646 | D:10     | Noticed an ogre mage
  7646 | D:10     | Noticed a two-headed ogre
  7648 | D:10     | Paralysed by an ogre mage for 6 turns
  7651 | D:10     | Noticed a two-headed ogre
  7651 | D:10     | Noticed a two-headed ogre
  7659 | D:10     | Killed a two-headed ogre
  7662 | D:10     | Killed a two-headed ogre
  7663 | D:10     | Reached skill level 10 in Armour
  7664 | D:10     | Killed a two-headed ogre
  7665 | D:10     | Reached XP level 11. HP: 64/97 MP: 10/10
  7675 | D:10     | Paralysed by something for 5 turns
  7696 | D:10     | Killed an ogre mage
  7796 | D:10     | Noticed Nergalle
  7817 | D:10     | Killed Nergalle
  7934 | D:10     | Found a flagged portal.
  7979 | Bailey   | Entered a bailey
  8067 | Bailey   | Noticed an orc knight
  8086 | Bailey   | Killed an orc knight
  8087 | Bailey   | Reached skill level 5 in Shields
  8502 | Bailey   | Identified the -2 pair of boots of Beschoun {rElec Will+
                  | Str+4 Int+2 Dex+4}
  8654 | D:10     | Reached skill level 10 in Fighting
  8772 | D:10     | Found a sacrificial altar of Ru.
  8817 | D:10     | Found Paraung's Jewellery Shop.
  9492 | D:11     | Noticed WaxSun's ghost (journeyman MfIE)
  9493 | D:11     | Found a runed translucent gate.
  9493 | D:11     | Found a runed translucent gate.
  9494 | D:11     | Found a runed translucent gate.
  9569 | D:11     | Killed WaxSun's ghost
  9597 | D:11     | Paralysed by a kobold brigand for 4 turns
  9614 | D:11     | Reached ***** piety under Trog
 10059 | D:11     | Noticed a two-headed ogre
 10064 | D:11     | Killed a two-headed ogre
 10065 | D:11     | Reached XP level 12. HP: 103/108 MP: 11/11
 10500 | D:11     | Found a staircase to the Orcish Mines.
 10886 | D:12     | Noticed a boulder beetle
 10897 | D:12     | Killed a boulder beetle
 10912 | D:12     | Noticed a centaur warrior
 10924 | D:12     | Killed a centaur warrior
 10963 | D:12     | Noticed a two-headed ogre
 11189 | D:12     | Killed a two-headed ogre
 11459 | D:12     | Noticed Erolcha
 11468 | D:12     | Killed Erolcha
 11469 | D:12     | Reached skill level 1 in Throwing
 11520 | D:12     | Noticed a five-headed hydra
 11526 | D:12     | Killed a five-headed hydra
 11765 | D:13     | Noticed a five-headed hydra
 11773 | D:13     | Killed a five-headed hydra
 11972 | D:13     | Noticed a centaur warrior
 11980 | D:13     | Killed a centaur warrior
 11999 | D:13     | Noticed a tengu warrior
 12000 | D:13     | Found Zogawn's Magic Scroll Boutique.
 12018 | D:13     | Killed a tengu warrior
 12032 | D:13     | Bought 3 scrolls of identify for 84 gold pieces
 12032 | D:13     | Bought a scroll of teleportation for 42 gold pieces
 12270 | D:13     | Noticed a boulder beetle
 12277 | D:13     | Killed a boulder beetle
 12413 | D:13     | Noticed a centaur warrior
 12418 | D:13     | Killed a centaur warrior
 12616 | D:13     | Noticed a two-headed ogre
 12616 | D:13     | Noticed a tengu warrior
 12620 | D:13     | Killed a two-headed ogre
 12627 | D:13     | Reached XP level 13. HP: 118/118 MP: 12/12
 12642 | D:13     | Reached skill level 10 in Long Blades
 13052 | Lair:1   | Entered Level 1 of the Lair of Beasts
 13211 | Lair:1   | Received a gift from Trog
 14284 | Lair:2   | Identified the +2 war axe "Loan" {elec, *Slow rPois Str+10
                  | Int-4}
 14632 | Lair:2   | Found a staircase to the Snake Pit.
 14808 | Lair:2   | You fall into a shaft and drop 1 floor!
 15207 | Lair:3   | Noticed Rupert
 15225 | Lair:3   | Killed Rupert
 16386 | Lair:4   | Found a staircase to the Swamp.
 16724 | Lair:5   | Noticed Snorg
 16733 | Lair:5   | Killed Snorg
 16734 | Lair:5   | Reached skill level 15 in Polearms
 16734 | Lair:5   | Reached skill level 10 in Shields
 16734 | Lair:5   | Reached XP level 14. HP: 88/129 MP: 13/13
 17727 | Lair:6   | Entered Level 6 of the Lair of Beasts
 17761 | Lair:6   | Found a staircase to the Slime Pits.
 17762 | Lair:6   | Received a gift from Trog
 18695 | Lair:6   | Identified the ring of Ustieph {Dex+5 SInv}
 18994 | Lair:6   | Identified the +3 spear "Xaleg" {vorpal, rC+ Str+5} (Trog
                  | gifted it to you on level 6 of the Lair of Beasts)
 18994 | Lair:6   | Received a gift from Trog
 19062 | Lair:6   | Reached skill level 15 in Armour
 19403 | Lair:6   | Found a corrupted altar of Lugonu.
 19403 | Lair:6   | Found a one-way gate to the infinite horrors of the Abyss.
 20462 | Orc:1    | Entered Level 1 of the Orcish Mines
 20630 | Orc:2    | Entered Level 2 of the Orcish Mines
 20630 | Orc:2    | Noticed Josephine
 20631 | Orc:2    | Noticed Donald
 20650 | Orc:2    | Killed Josephine
 20664 | Orc:2    | Killed Donald
 20670 | Orc:2    | Received a gift from Trog
 20703 | Orc:2    | Reached ****** piety under Trog
 20801 | Orc:2    | Found a staircase to the Elven Halls.
 20878 | Orc:2    | Paralysed by an orc sorcerer for 2 turns
 21271 | Orc:2    | Reached XP level 15. HP: 136/139 MP: 14/14
 21276 | Orc:2    | Paralysed by an orc sorcerer for 2 turns
 21313 | Orc:2    | Slain by a sun demon

Illustrated notes

Levels and vault maps discovered:
D:1:      ncdulo_halloftheorcs, layout_basic, chequers_ecumenical_altar_simple,
          chequers_avenue
D:2:      cheibrodos_old_hovel, layout_loops_ring, kennysheep_generic_room_12
D:3:      layout_basic, serial_shops, nicolae_shop_crystal, uniq_robin
D:4:      layout_cave_pools, vehumet_crystals, hex_medium
D:5:      layout_cave_pods, uniq_prince_ribbit1, uniq_edmund
D:6:      layout_rooms, uniq_grinder
D:7:      layout_rooms, minmay_temple_entry_slanted, grunt_decor_junction,
          uniq_maggie
D:8:      layout_basic, dpeg_oklobed_lair, grunt_ministairs_4, minmay_shop_chei,
          hangedman_decor_slide_cut
D:9:      layout_long_grid, skrybe_limestone_x, nicolae_wwwww
D:10:     nicolae_BIG_FREAKIN_CUBE, layout_cross,
          nicolae_ru_the_path_less_chosen, enter_bailey_3, serial_shops,
          nicolae_lakefront_shop, uniq_nergalle
D:11:     layout_loops_corners, orc_0_dummy, gammafunk_ghost_nasty_kobolds
D:12:     layout_cave_pools, uniq_erolcha
D:13:     layout_roguey, serial_shops, nicolae_lakefront_shop
Lair:1:   hellmonk_destroyed_diamonds, layout_misc_corridors, minivault_24
Lair:2:   minmay_lair_venomous_thicket, layout_regular_city,
          guppyfry_snake_entry_island, forest_entry_grove
Lair:3:   layout_cellular_growth, uniq_rupert
Lair:4:   layout_misc_corridors, swamp_mist_pool, roderic_batcave,
          grunt_forest_small_clearing_treed
Lair:5:   layout_loops_ring, lemuel_fruit_fields, uniq_snorg
Lair:6:   hellmonk_lair_end_abyssal_woods, layout_gridlike,
          nicolae_slime_entry_slimehenge, special_room [special_room_bee]
Orc:1:    layout_caves, portal_ice_cave_entry_pillars_1, uniq_jorgrun
Orc:2:    st_orc_mages, layout_caves, uniq_josephine, uniq_donald

Skill      XL: |  1  2  3  4  5  6  7  8  9 10 11 12 13 14 |
---------------+-------------------------------------------+-----
Fighting       | 4 5 6 7 8 9 10 12 13 14 | 14.6
Axes           | 4 5 6 |  6.5
Armour         | 3 4 5 7 8 10 11 13 14 15 | 15.1
Long Blades    | 1 3 5 7 8 9 12 | 12.9
Polearms       | 4 8 11 13 14 15 | 15.9
Shields        | 2 4 5 7 10 11 | 11.8
Stealth        | 1 2 |  2.3
Dodging        | 3 |  3.4
Throwing       | 1 2 |  2.3

Action                   |  1- 3 |  4- 6 |  7- 9 | 10-12 | 13-15 || total
-------------------------+-------+-------+-------+-------+-------++-------
Melee: Hand axe          |    57 |     2 |       |       |       ||    59
       Headbutt          |     9 |    24 |    35 |    64 |   220 ||   352
       Great sword       |       |   146 |    52 |       |       ||   198
       Halberd           |       |    15 |       |       |       ||    15
       Trident           |       |       |   138 |   341 |   455 ||   934
       Long sword        |       |       |       |    54 |   307 ||   361
       Scimitar          |       |       |       |       |    13 ||    13
       War axe           |       |       |       |       |    56 ||    56
Throw: Boomerang         |       |       |       |     7 |     7 ||    14
Invok: Berserk           |     3 |     3 |     5 |     9 |     6 ||    26
       Brothers in Arms  |       |       |     1 |     1 |       ||     2
       Trog's Hand       |       |       |       |     1 |       ||     1
Evoke: Wand              |       |       |       |       |     1 ||     1
       Lightning rod     |       |       |       |       |     1 ||     1
  Use: Scroll            |       |       |       |    17 |     7 ||    24
       Potion            |       |       |       |     2 |     3 ||     5
Armor: Chain mail        |    32 |    19 |    60 |     7 |       ||   118
       Animal skin       |     1 |       |       |       |       ||     1
       Plate armour      |       |   146 |    75 |   172 |   345 ||   738
Dodge: Dodged            |    21 |    86 |    64 |   121 |   191 ||   483
Block: Buckler           |       |       |    25 |   124 |   389 ||   538
       Reflection        |       |       |       |    12 |     2 ||    14
       Kite shield       |       |       |       |       |    14 ||    14
